 Dungeon Crawl Stone Soup version 0.19-a0-627-g7ac35de (webtiles) character file.

35 MrRokkomies the Sneak (level 3, -1/16 HPs)
             Began as a Spriggan Enchanter on June 13, 2016.
             Slain by a gnoll
             ... wielding a +0 spear
              (5 damage)
             ... on level 2 of the Dungeon.
             The game lasted 00:05:41 (1076 turns).

MrRokkomies the Sneak (Spriggan Enchanter)          Turns: 1076, Time: 00:05:41

Health: -1/16      AC:  3    Str:  5    XL:     3   Next: 17%
Magic:  2/8        EV: 18    Int: 16    God:
Gold:   55         SH:  0    Dex: 16    Spells: 2 memorised, 4 levels left

rFire  . . .     SeeInvis +     a - +1 dagger
rCold  . . .     Gourm    .     b - +1 robe
rNeg   . . .     Faith    .     (shield restricted)
rPois  .         Spirit   .     (helmet restricted)
rElec  .         Dismiss  .     (no cloak)
rCorr  .         Reflect  .     (gloves unavailable)
SustAt .         Harm     .     (boots unavailable)
MR     .....                    (no amulet)
Stlth  +++.......               (no ring)
                                (no ring)

@: very slightly contaminated, very quick, not resistant to hostile
enchantments, fairly stealthy
A: unfitting armour, see invisible, herbivore 3, speed 3, slow metabolism 2
a: no special abilities


You were on level 2 of the Dungeon.
You were not hungry.

You visited 1 branch of the dungeon, and saw 2 of its levels.

You collected 55 gold pieces.

Inventory:

Hand Weapons
 a - a +1 dagger (weapon)
Armour
 b - a +1 robe (worn)
Scrolls
 e - a scroll of recharging {unknown}
 g - a scroll of amnesia {unknown}
 h - 3 scrolls of enchant armour {unknown}
 i - a scroll of identify {unknown}
Books
 c - a book of Maledictions

   Spells                             Type                      Level
   a - Corona                         Hexes                        1
   b - Ensorcelled Hibernation        Hexes/Ice                    2
   c - Confuse                        Hexes                        3
   d - Tukima's Dance                 Hexes                        3
   e - Dazzling Spray                 Conjuration/Hexes            3
Comestibles
 d - a bread ration
 f - a slice of pizza


   Skills:
 * Level 2.5 Short Blades
 - Level 3.0 Dodging
 - Level 4.4 Stealth
 - Level 2.6 Spellcasting
 * Level 4.4 Hexes


You had 4 spell levels left.
You knew the following spells:

 Your Spells              Type           Power        Failure   Level  Hunger
a - Corona                Hex            ###....      3%          1    #......
b - Ensorcelled Hibernat  Hex/Ice        #.....       14%         2    ##.....


Dungeon Overview and Level Annotations

Branches:
Dungeon (2/15)

Altars:


Innate Abilities, Weirdness & Mutations

You are tiny and cannot use many weapons and most armour.
You have supernaturally acute eyesight. (SInv)
You are a herbivore.
You cover ground extremely quickly.
You need consume almost no food.


Message History

You are very lightly contaminated with residual magic.
You feel a bit tired.
The gnoll hits you from afar with a spear.
* * * LOW HITPOINT WARNING * * *
Casting: Ensorcelled Hibernation
Confirm with . or Enter, or press ? or * to list all spells.
Aiming: Ensorcelled Hibernation
Press: ? - help, Shift-Dir - straight line, f/p - gnoll
Aim: a gnoll, wielding a spear (chance to defeat MR: 50%)
You miscast Ensorcelled Hibernation.
Multicoloured lights dance before your eyes!
The gnoll closely misses you.
Casting: Ensorcelled Hibernation
Confirm with . or Enter, or press ? or * to list all spells.
Aiming: Ensorcelled Hibernation
Press: ? - help, Shift-Dir - straight line, f/p - gnoll
Aim: a gnoll, wielding a spear (chance to defeat MR: 50%)
The gnoll resists with some effort.
The gnoll hits you from afar with a spear.
You die...

## #.. #.# #.#
#.# #.#
#.######
#.@....#
#######.####.##
.......g.......
#######.####.##
#)# #.# ..# ..#
...#


You could see a gnoll.

Vanquished Creatures
  A gnoll (D:2)
  A giant gecko (D:1)
  A giant cockroach (D:1)
  2 goblins (D:1)
  5 hobgoblins
  5 kobolds (D:1)
  A ball python (D:1)
  5 bats (D:1)
  2 giant newts (D:1)
  2 rats (D:1)
25 creatures vanquished.

Notes
Turn   | Place    | Note
--------------------------------------------------------------
     0 | D:1      | MrRokkomies the Spriggan Enchanter began the quest for the Orb.
     0 | D:1      | Reached XP level 1. HP: 9/9 MP: 5/5
   201 | D:1      | Reached XP level 2. HP: 13/13 MP: 6/6
   208 | D:1      | Learned a level 2 spell: Ensorcelled Hibernation
  1007 | D:2      | Reached XP level 3. HP: 16/16 MP: 0/8
  1076 | D:2      | Slain by a gnoll

Vault maps used:
D:1:      saegor_arrival_simple_b

Skill      XL: |  1  2 |
---------------+-------+-----
Hexes          | 4 |  4.4
Short Blades   | 2 |  2.5
Dodging        | |  3.0
Stealth        | |  4.4
Spellcasting   | |  2.6

Action                   || total
-------------------------++-------
Melee: Dagger            ||   112
 Cast: Ensorcelled Hiber ||     7
 Stab: Sleeping          ||    10
       Distracted        ||     1
Armor: Robe              ||    10
Dodge: Dodged            ||    72
